[Event "Titled Tuesday Blitz October 31 Early 2023"]
[White "Lohani, Sujana"]
[Black "Gurevich, Dmitry"]
[WhiteFideId "12311987"]
[BlackFideId "2000407"]
[WhiteElo "1979"]
[BlackElo "2535"]
[Result "0-1"]
[Round "7"]
[TimeControl "180+1"]
[Date "2023.10.31"]
[WhiteClock "0:00:00"]
[BlackClock "0:00:09"]
[Board "133"]

1. d4 d5 2. Nf3 e6 3. c4 a6 4. g3 dxc4 5. Bg2 b5 6. O-O Bb7 7. a4 Nf6 8. Nc3 b4 9. Nb1 c5 10. Be3 Nd5 11. Bd2 Nd7 12. e4 N5f6 13. e5 Nd5 14. dxc5 Bxc5 15. Bg5 Qc7 16. Qe2 O-O 17. Nbd2 c3 18. bxc3 Nxc3 19. Qe1 h6 20. Be3 Rac8 21. Nb3 Be7 22. a5 Nxe5 23. Nxe5 Bxg2 24. Bb6 Qb7 25. Nd4 Bf6 26. f4 Bxf1 27. Kxf1 Qh1+ 28. Kf2 Qxh2+ 29. Kf3 Qh5+ 30. Kg2 Bxe5 31. Qxe5 Qxe5 32. fxe5 Rc4 33. Nf3 Rfc8 34. Rd1 Nd5 35. Rd4 b3 36. Rd1 b2 37. Rb1 Rc2+ 38. Kh3 R8c3 39. Nd4 Rd2 0-1


[Site "https://www.chess.com"]

[Event "Titled Tuesday Blitz October 31 Early 2023"]
[White "Todorovic, Bojan"]
[Black "Smirnov, Timofey"]
[WhiteFideId "917087"]
[BlackFideId "24176427"]
[WhiteElo "2415"]
[BlackElo "2302"]
[Result "1-0"]
[Round "7"]
[TimeControl "180+1"]
[Date "2023.10.31"]
[WhiteClock "0:01:05"]
[BlackClock "0:00:00"]
[Board "134"]

1. Nf3 d5 2. g3 Bf5 3. Bg2 e6 4. d3 Nf6 5. O-O Be7 6. Nbd2 h6 7. Qe1 O-O 8. e4 dxe4 9. dxe4 Bh7 10. Qe2 c6 11. Rd1 Qc7 12. Ne1 Nbd7 13. a4 a5 14. Nc4 Rfd8 15. Nd3 Nc5 16. Bf4 Bd6 17. Nxd6 Nxd3 18. Rxd3 Qb6 19. b3 Ne8 20. Nxe8 Rxe8 21. Rad1 Rad8 22. Rxd8 Rxd8 23. Rxd8+ Qxd8 24. Qd3 Qe7 25. Qd6 Qe8 26. Qc7 Qa8 27. Qb8+ Qxb8 28. Bxb8 Kf8 29. Bc7 1-0


[Site "https://www.chess.com"]

[Event "Titled Tuesday Blitz October 31 Early 2023"]
[White "Juicy_Fork"]
[Black "Shapiro, Daniel"]
[BlackFideId "2001780"]
[WhiteElo "2412"]
[BlackElo "2299"]
[Result "0-1"]
[Round "7"]
[TimeControl "180+1"]
[Date "2023.10.31"]
[WhiteClock "0:02:09"]
[BlackClock "0:02:13"]
[Board "135"]

1. e4 c5 2. Nf3 Nc6 3. Bb5 d6 4. O-O Bd7 5. Re1 e6 6. c3 g5 7. h3 h5 8. Nh2 g4 9. hxg4 hxg4 10. Qxg4 Nf6 11. Qf3 Ne5 12. Qg3 Bxb5 0-1


[Site "https://www.chess.com"]

[Event "Titled Tuesday Blitz October 31 Early 2023"]
[White "Goswami, Vedant"]
[Black "Feliz Dotel, Dewar Bienvenido"]
[WhiteFideId "5003725"]
[BlackFideId "6402801"]
[WhiteElo "2361"]
[BlackElo "2143"]
[Result "0-1"]
[Round "7"]
[TimeControl "180+1"]
[Date "2023.10.31"]
[WhiteClock "0:00:05"]
[BlackClock "0:00:09"]
[Board "136"]

1. c4 Nf6 2. Nc3 e6 3. e4 d5 4. e5 Nfd7 5. d4 dxc4 6. Bxc4 c5 7. Nf3 Nc6 8. O-O cxd4 9. Nxd4 Ndxe5 10. Bb5 Bd7 11. Nxc6 Bxc6 12. Qh5 Ng6 13. Bg5 Be7 14. Rad1 Qc7 15. Rd3 Bxg5 16. Qxg5 Qe7 17. Qh5 Nf4 18. Bxc6+ bxc6 19. Qf3 Nd5 20. Nxd5 cxd5 21. Re1 O-O 22. Rxd5 Qb4 23. Rde5 Qxb2 24. h4 Rac8 25. h5 h6 26. R1e3 Rc1+ 27. Kh2 Rc4 28. R5e4 Qxa2 29. Qg4 Rxe4 30. Qxe4 Qxf2 31. Rg3 e5 32. Qxe5 f6 33. Qe6+ Kh8 34. Qe7 Rg8 35. Qxa7 Qxa7 0-1


[Site "https://www.chess.com"]

[Event "Titled Tuesday Blitz October 31 Early 2023"]
[White "Elbebiber"]
[Black "LiadCuba"]
[WhiteElo "2132"]
[BlackElo "2348"]
[Result "0-1"]
[Round "7"]
[TimeControl "180+1"]
[Date "2023.10.31"]
[WhiteClock "0:00:05"]
[BlackClock "0:02:14"]
[Board "137"]

1. f4 Nf6 2. Nf3 d5 3. e3 Bg4 4. h3 Bxf3 5. Qxf3 e6 6. b3 c6 7. Bb2 Nbd7 8. g4 Qc7 9. g5 Ne4 10. d3 Nd6 11. Bg2 O-O-O 12. Nd2 h6 13. h4 f6 14. O-O-O e5 15. gxf6 gxf6 16. e4 d4 17. Bh3 Kb8 18. Bxd7 Rxd7 19. f5 Qa5 20. Kb1 Nb5 21. Nc4 Nc3+ 22. Bxc3 Qxc3 23. Qe2 b5 24. Qd2 bxc4 25. Qxc3 dxc3 26. dxc4 Rxd1+ 27. Rxd1 Kc7 0-1


[Site "https://www.chess.com"]

[Event "Titled Tuesday Blitz October 31 Early 2023"]
[White "Perez Cruz, Adianet"]
[Black "Buscar, Michael"]
[WhiteFideId "3510115"]
[BlackFideId "2603616"]
[WhiteElo "1957"]
[BlackElo "2322"]
[Result "0-1"]
[Round "7"]
[TimeControl "180+1"]
[Date "2023.10.31"]
[WhiteClock "0:01:18"]
[BlackClock "0:00:05"]
[Board "138"]

1. d4 d5 2. Nf3 Nf6 3. Bf4 e6 4. e3 c5 5. c3 Nc6 6. Nbd2 Be7 7. Ne5 O-O 8. Bd3 Nxe5 9. Bxe5 Nd7 10. Bg3 f5 11. Nf3 c4 12. Bc2 g5 13. Ne5 Nxe5 14. Bxe5 Bd6 15. f4 Bxe5 16. fxe5 Qe8 17. Qf3 Bd7 18. O-O b5 19. a3 a5 20. h3 Qe7 21. Qe2 Be8 22. Rf2 h5 23. Raf1 g4 24. hxg4 hxg4 25. g3 Qg5 26. Rh2 Ra7 27. Kg2 Rff7 28. Rfh1 Rh7 29. Rxh7 Rxh7 30. Rxh7 Kxh7 31. Kf2 Qh6 32. Qf1 Kg7 33. Qg2 Kf8 34. Ke2 Ke7 35. Kd2 Kd7 36. Ke2 Kc6 37. Bd1 Kb6 38. Kd2 b4 39. axb4 axb4 40. cxb4 Kb5 41. Qe2 Qh3 42. Qf2 Qh1 43. Kc2 Qe4+ 44. Kc1 Kxb4 45. Bc2 Qh1+ 46. Bd1 Ba4 47. Qd2+ Kb5 48. Qe2 Qg1 49. Kd2 Bxd1 50. Qxd1 Qxg3 51. Qe2 Qh3 52. b3 Qf3 53. bxc4+ dxc4 54. Qe1 Qg2+ 55. Kc3 Qa2 56. Qg3 Qb3+ 57. Kd2 Qd3+ 58. Kc1 c3 59. Qf2 g3 60. Qg2 Qd2+ 0-1


[Site "https://www.chess.com"]

[Event "Titled Tuesday Blitz October 31 Early 2023"]
[White "Garrido Dominguez, Jesus"]
[Black "ivana_999"]
[WhiteFideId "2254174"]
[WhiteElo "2610"]
[BlackElo "2041"]
[Result "1-0"]
[Round "7"]
[TimeControl "180+1"]
[Date "2023.10.31"]
[WhiteClock "0:01:31"]
[BlackClock "0:00:48"]
[Board "139"]

1. e4 e6 2. d4 d5 3. Nd2 Nf6 4. e5 Nfd7 5. Bd3 c5 6. c3 Nc6 7. Ne2 cxd4 8. cxd4 f6 9. exf6 Nxf6 10. Nf3 Bd6 11. O-O Qc7 12. Bg5 O-O 13. Bh4 Bd7 14. Rc1 Nh5 15. Bg3 Nxg3 16. hxg3 a6 17. Qd2 Rae8 18. Nf4 Bxf4 19. gxf4 Qxf4 20. Qe3 Rf6 21. Ne5 Nxe5 22. Qxe5 Bc6 23. g3 Qf3 24. Be2 Qf5 25. Qxf5 exf5 26. Bd3 g6 27. Kg2 Kf7 28. Rh1 Kg7 29. a3 Rfe6 30. Rhd1 R6e7 31. Rd2 Re6 32. Rdd1 R6e7 33. Bxa6 Re6 34. Bd3 R6e7 35. b4 Ba4 36. Rd2 Rd8 37. Rc5 Re1 38. Be2 Ra1 39. Rd3 Bc2 40. Rxc2 1-0


[Site "https://www.chess.com"]

[Event "Titled Tuesday Blitz October 31 Early 2023"]
[White "Iskusnyh, Sergei"]
[Black "Cardozo Munar, Carlos Eduardo"]
[WhiteFideId "4120027"]
[BlackFideId "4409477"]
[WhiteElo "2557"]
[BlackElo "2254"]
[Result "0-1"]
[Round "7"]
[TimeControl "180+1"]
[Date "2023.10.31"]
[WhiteClock "0:00:00"]
[BlackClock "0:00:08"]
[Board "140"]

1. d4 d5 2. c4 e5 3. dxe5 d4 4. Nf3 Nc6 5. Nbd2 Nge7 6. Nb3 Nf5 7. e4 dxe3 8. Qxd8+ Nxd8 9. fxe3 Be6 10. e4 Bb4+ 11. Kf2 Nh6 12. h3 Nc6 13. Be3 O-O-O 14. a3 Be7 15. Nc5 Bxc5 16. Bxc5 Rhe8 17. Be3 Ng8 18. Be2 Nge7 19. Ng5 Nxe5 20. Nxe6 fxe6 21. Rad1 N7c6 22. Kg3 Rxd1 23. Rxd1 Rd8 24. Rxd8+ Kxd8 25. b4 a6 26. Kf4 Ng6+ 27. Kg3 Ke7 28. b5 axb5 29. cxb5 Nce5 30. a4 b6 31. h4 Nd7 32. h5 Nge5 33. Bd4 g6 34. Kf4 Nf7 35. hxg6 e5+ 36. Kg3 hxg6 37. Be3 Ke6 38. Bg4+ Kd6 39. Bxd7 Kxd7 40. Kf3 Nd6 41. Bd2 Ke6 42. Bc3 Nc4 43. Bb4 Nb2 44. a5 bxa5 45. Bxa5 Kd7 46. Bc3 Nc4 47. Kg4 Ke6 48. Kg5 Nd6 49. Kxg6 Nxe4 50. Be1 Nf6 0-1


[Site "https://www.chess.com"]

[Event "Titled Tuesday Blitz October 31 Early 2023"]
[White "Baches Garcia, Guillermo"]
[Black "Vifleemskaia, Svetlana"]
[WhiteFideId "2209764"]
[BlackFideId "4129490"]
[WhiteElo "2506"]
[BlackElo "2250"]
[Result "1/2-1/2"]
[Round "7"]
[TimeControl "180+1"]
[Date "2023.10.31"]
[WhiteClock "0:00:28"]
[BlackClock "0:00:06"]
[Board "141"]

1. d4 Nf6 2. Nf3 d5 3. Bg5 Ne4 4. Bf4 c5 5. dxc5 Nc6 6. e3 Qa5+ 7. Nbd2 Qxc5 8. Be2 e6 9. O-O Nxd2 10. Qxd2 Bd6 11. Bxd6 Qxd6 12. c4 O-O 13. Rfd1 Rd8 14. Rac1 h6 15. cxd5 exd5 16. Nd4 Be6 17. Nxc6 bxc6 18. Qd4 Rdb8 19. b3 Rb6 20. Rc5 Rab8 21. Rdc1 Bd7 22. g3 Rb4 23. Qd2 Qe5 24. Bf3 Be8 25. Kg2 Qf6 26. Qc3 Qe7 27. Qd3 Qf6 28. R1c3 g6 29. Ra5 R8b7 30. Qd2 h5 31. h4 Kg7 32. Ra6 R4b6 33. Ra4 Re7 34. Rf4 Qe5 35. Rc5 Qd6 36. Qd4+ Qe5 37. Qxe5+ Rxe5 38. Ra4 Re7 39. Kf1 Kf6 40. Ke2 Ke5 41. Rca5 Rbb7 42. Kd3 Kd6 43. Ra6 Rec7 44. R4a5 Ke7 45. Rc5 Bd7 46. Kd4 Rb4+ 47. Kc3 Rb6 48. Rca5 Rxa6 49. Rxa6 Kd6 50. Kd4 Rb7 51. Kc3 Ke5 52. Ra4 Bf5 53. Rf4 Kd6 54. Bxh5 Be6 55. Be2 c5 56. h5 gxh5 57. Bxh5 a5 58. Bg4 Rb4 59. Bxe6 Rxf4 60. gxf4 Kxe6 61. Kd3 Kf5 62. f3 f6 63. Kc3 Ke6 64. a3 Kd6 65. Kd3 Ke6 66. Kc3 Kd6 67. Kd2 Ke6 68. Kd3 Kd6 69. e4 Ke6 70. exd5+ Kxd5 71. Kc3 f5 72. Kd3 Kd6 73. Kc4 Kc6 74. b4 axb4 75. axb4 cxb4 76. Kxb4 Kd5 77. Kc3 Kc5 78. Kd3 Kd5 79. Kc3 Kc5 80. Kd3 Kd5 81. Kc3 1/2-1/2


[Site "https://www.chess.com"]

[Event "Titled Tuesday Blitz October 31 Early 2023"]
[White "whiteglovethief"]
[Black "Sarkar, Justin"]
[BlackFideId "2010011"]
[WhiteElo "2463"]
[BlackElo "2249"]
[Result "1-0"]
[Round "7"]
[TimeControl "180+1"]
[Date "2023.10.31"]
[WhiteClock "0:01:46"]
[BlackClock "0:00:00"]
[Board "142"]

1. d4 Nf6 2. c4 g6 3. Nc3 Bg7 4. e4 O-O 5. Nf3 d6 6. Be2 e5 7. O-O Nbd7 8. Be3 Ng4 9. Bg5 Bf6 10. Bxf6 Ngxf6 11. dxe5 dxe5 12. Qc2 c6 13. Rfd1 Qe7 14. Rab1 a5 15. a3 Nh5 16. b4 axb4 17. axb4 Nf4 18. c5 Nf6 19. Nd2 Nxe2+ 20. Nxe2 Be6 21. Nc4 Bxc4 22. Qxc4 Rfd8 23. f3 Rxd1+ 24. Rxd1 Rd8 25. Rxd8+ Qxd8 26. Kf2 Qd2 27. Qc3 Qxc3 28. Nxc3 h5 29. Nb1 Kf8 30. Nd2 Nd7 31. Nc4 Ke7 32. Na5 Nb8 33. Nxb7 Na6 34. b5 cxb5 35. c6 b4 36. Ke3 f5 37. Kd3 f4 38. Kc4 1-0


[Site "https://www.chess.com"]

[Event "Titled Tuesday Blitz October 31 Early 2023"]
[White "Thomas, Anysia"]
[Black "chess_blitz00"]
[WhiteFideId "670472"]
[WhiteElo "2239"]
[BlackElo "2449"]
[Result "0-1"]
[Round "7"]
[TimeControl "180+1"]
[Date "2023.10.31"]
[WhiteClock "0:00:08"]
[BlackClock "0:00:43"]
[Board "143"]

1. d4 d6 2. Nf3 Nd7 3. e4 g6 4. Bc4 c6 5. a4 Bg7 6. O-O e5 7. Nc3 Qc7 8. Ba2 Ngf6 9. Bg5 O-O 10. Qd2 Re8 11. Rfe1 Nf8 12. Bh6 Bg4 13. h3 Bxf3 14. gxf3 Ne6 15. Bxg7 Kxg7 16. Ne2 Nh5 17. Bxe6 Rxe6 18. Kh1 Rf6 19. Qe3 Qd7 20. Kh2 Rf4 21. Rg1 Rh4 22. Rg3 Nxg3 23. fxg3 Qxh3+ 0-1


[Site "https://www.chess.com"]

[Event "Titled Tuesday Blitz October 31 Early 2023"]
[White "Prieto Aranguren, Alain"]
[Black "Limontaite, Simona"]
[WhiteFideId "2268906"]
[BlackFideId "12802506"]
[WhiteElo "2400"]
[BlackElo "2236"]
[Result "1-0"]
[Round "7"]
[TimeControl "180+1"]
[Date "2023.10.31"]
[WhiteClock "0:00:09"]
[BlackClock "0:00:00"]
[Board "144"]

1. e4 c5 2. Nf3 Nc6 3. d4 cxd4 4. Nxd4 Nf6 5. Nc3 e5 6. Ndb5 d6 7. Nd5 Nxd5 8. exd5 Nb8 9. a4 Be7 10. b4 O-O 11. Be3 a6 12. Na3 f5 13. f3 Nd7 14. a5 b5 15. axb6 Nxb6 16. c4 Bb7 17. Be2 a5 18. Qb3 a4 19. Qa2 Bg5 20. Bf2 e4 21. O-O e3 22. Be1 f4 23. Rd1 Kh8 24. Nb5 Ba6 25. Nd4 Bc8 26. Nc6 Qf6 27. c5 Nd7 28. Qc4 Qh6 29. cxd6 Qxd6 30. Bc3 Bf6 31. b5 a3 32. Ra1 Bxc3 33. Qxc3 Qxd5 34. Rfd1 Qg5 35. Qd4 Nc5 36. Qd6 Bh3 37. g4 fxg3 38. Qxg3 Qf5 39. Ne7 Qe6 40. Nd5 Nb3 41. Nf4 1-0


[Site "https://www.chess.com"]

[Event "Titled Tuesday Blitz October 31 Early 2023"]
[White "Faci, Fadil"]
[Black "Nord, Alexander"]
[WhiteFideId "4645162"]
[BlackFideId "1738135"]
[WhiteElo "2226"]
[BlackElo "2397"]
[Result "0-1"]
[Round "7"]
[TimeControl "180+1"]
[Date "2023.10.31"]
[WhiteClock "0:02:43"]
[BlackClock "0:02:05"]
[Board "145"]

1. e4 e6 2. d4 d5 3. exd5 exd5 4. Bd3 Bd6 5. Nf3 Ne7 6. Bg5 Nbc6 7. c3 h6 8. Bh4 Be6 9. Nbd2 Qd7 10. Bg3 Bxg3 11. hxg3 O-O-O 12. b4 Ng6 13. a4 Bf5 14. Bxf5 Qxf5 15. O-O h5 16. a5 h4 17. gxh4 Nxh4 18. Nxh4 Rxh4 19. g3 Rdh8 20. gxh4 Qg6+ 0-1


[Site "https://www.chess.com"]

[Event "Titled Tuesday Blitz October 31 Early 2023"]
[White "Kiseleva, Arina"]
[Black "Sargissyan, Sargis"]
[WhiteFideId "4164989"]
[BlackFideId "13303210"]
[WhiteElo "2224"]
[BlackElo "2384"]
[Result "0-1"]
[Round "7"]
[TimeControl "180+1"]
[Date "2023.10.31"]
[WhiteClock "0:00:00"]
[BlackClock "0:00:56"]
[Board "146"]

1. d4 Nf6 2. Nf3 g6 3. Nbd2 Bg7 4. e4 d6 5. c3 O-O 6. Bd3 Nc6 7. O-O e5 8. Re1 Nh5 9. a4 exd4 10. cxd4 Nxd4 11. Nxd4 Bxd4 12. Nb3 Be5 13. g3 Be6 14. Na5 Rb8 15. Nc4 Bg7 16. Rb1 d5 17. exd5 Qxd5 18. Be3 Rbd8 19. Bf1 Qe4 20. Qc1 Bd5 21. f3 Qxf3 22. Re2 Qh1+ 23. Kf2 Qxh2+ 24. Ke1 Qxg3+ 25. Bf2 Qf4 26. Qxf4 Nxf4 27. Re7 Bf6 28. Rxc7 Rfe8+ 29. Ne3 Bd4 30. Kd2 Bc6 31. Bd3 Nxd3 32. Kxd3 Bxe3+ 33. Kc4 Bxf2 34. Rf1 Rd4+ 35. Kc3 Re3+ 36. Kxd4 Re2+ 37. Kd3 Rxb2 38. Rc8+ Kg7 39. Rc7 h5 40. a5 a6 41. Re7 Bb5+ 42. Ke4 Bxf1 43. Kf3 h4 44. Kg4 h3 0-1


[Site "https://www.chess.com"]

[Event "Titled Tuesday Blitz October 31 Early 2023"]
[White "EvgenyBurmakin"]
[Black "Quirke, Jeffrey"]
[BlackFideId "2013029"]
[WhiteElo "2365"]
[BlackElo "2211"]
[Result "1-0"]
[Round "7"]
[TimeControl "180+1"]
[Date "2023.10.31"]
[WhiteClock "0:01:47"]
[BlackClock "0:00:52"]
[Board "147"]

1. e4 e6 2. d4 d5 3. Nd2 c5 4. exd5 Qxd5 5. Ngf3 cxd4 6. Bc4 Qd7 7. Nb3 Nc6 8. O-O a6 9. Re1 Qc7 10. Bf1 Bd6 11. Nbxd4 Nxd4 12. Qxd4 Nf6 13. Bg5 Be7 14. Ne5 O-O 15. Bd3 Rd8 16. Qh4 h6 17. Bxh6 gxh6 18. Qxh6 Rd5 19. Re3 1-0


[Site "https://www.chess.com"]

[Event "Titled Tuesday Blitz October 31 Early 2023"]
[White "Todev, Simeon"]
[Black "Rodriguez Dominguez, Melissa"]
[WhiteFideId "2925133"]
[BlackFideId "3517560"]
[WhiteElo "2365"]
[BlackElo "2185"]
[Result "0-1"]
[Round "7"]
[TimeControl "180+1"]
[Date "2023.10.31"]
[WhiteClock "0:00:00"]
[BlackClock "0:00:05"]
[Board "148"]

1. e4 c5 2. Nf3 e6 3. c3 Nf6 4. e5 Nd5 5. d4 d6 6. exd6 Bxd6 7. Bd3 Nc6 8. O-O cxd4 9. cxd4 O-O 10. Nc3 Nf4 11. Bc2 Ng6 12. h4 Bf4 13. h5 Bxc1 14. hxg6 Bxb2 15. gxh7+ Kh8 16. Ne4 Nxd4 17. Nxd4 Qxd4 18. Rb1 b6 19. Qh5 Ba6 20. Rfd1 Qe5 21. Ng5 g6 22. Qh4 f6 23. Nf3 Qc3 24. Bxg6 Be2 25. Rd7 Bxf3 26. gxf3 Qc6 27. Rd2 Be5 28. Be4 Qc3 29. Rd7 Rad8 30. Rxa7 f5 31. Bb7 Qc2 32. Rf1 Rf7 33. Ra8 Rg7+ 34. Kh1 Rxa8 35. Bxa8 Qc7 36. Be4 Rxh7 0-1


[Site "https://www.chess.com"]

[Event "Titled Tuesday Blitz October 31 Early 2023"]
[White "Josgar05"]
[Black "knightinshiningarmour16"]
[WhiteElo "2341"]
[BlackElo "2166"]
[Result "1-0"]
[Round "7"]
[TimeControl "180+1"]
[Date "2023.10.31"]
[WhiteClock "0:00:16"]
[BlackClock "0:00:21"]
[Board "149"]

1. Nf3 d5 2. g3 Bf5 3. Bg2 e6 4. d3 Nf6 5. Nbd2 h6 6. O-O Be7 7. e3 O-O 8. Qe2 Bh7 9. b3 c6 10. Bb2 a5 11. e4 dxe4 12. dxe4 Na6 13. a4 Nb4 14. Rac1 Qc7 15. Ne5 Rfd8 16. Rfe1 Nd7 17. Nec4 b5 18. axb5 cxb5 19. Na3 Rab8 20. Nxb5 Qb6 21. Na3 Bg5 22. Nac4 Qb5 23. f4 Be7 24. Kh1 Nc5 25. Be5 Rbc8 26. Bf3 Nd7 27. Bb2 Nf6 28. Nf1 Nc6 29. Ra1 Ra8 30. Nfd2 Ra7 31. Ne5 Nd4 32. Bxd4 Qxe2 33. Rxe2 Rxd4 34. Nc6 Rxd2 35. Rxd2 Rc7 36. Nxe7+ Rxe7 37. Rd8+ Ne8 38. Rxa5 f6 39. e5 Kf7 40. Bc6 Nc7 41. Ra7 Bxc2 42. b4 Bb3 43. Rc8 Nd5 44. Rxe7+ Kxe7 45. Rg8 Bc2 46. Rxg7+ Kf8 47. exf6 Be4+ 48. Kg1 Nxf6 49. Rc7 Bxc6 50. Rxc6 Nd5 51. b5 Ke7 52. b6 Kd7 53. b7 Ne7 54. b8=Q Nxc6 55. Qh8 Nd4 56. Qxh6 Kd6 57. h4 Kd5 58. h5 Ke4 59. Qg6+ Ke3 60. h6 Nf3+ 61. Kg2 Ne1+ 62. Kh3 Nf3 63. h7 e5 64. fxe5 Nxe5 65. Qg5+ Ke4 66. Qxe5+ Kxe5 67. h8=Q+ Ke4 68. Qf6 Kd3 69. g4 1-0


[Site "https://www.chess.com"]

[Event "Titled Tuesday Blitz October 31 Early 2023"]
[White "Pavlidou, Ekaterini"]
[Black "Fernandez Hernandez, Gerardo"]
[WhiteFideId "4213262"]
[BlackFideId "2207400"]
[WhiteElo "2329"]
[BlackElo "2158"]
[Result "1-0"]
[Round "7"]
[TimeControl "180+1"]
[Date "2023.10.31"]
[WhiteClock "0:01:09"]
[BlackClock "0:00:00"]
[Board "150"]

1. d4 Nf6 2. c4 c5 3. d5 b5 4. cxb5 a6 5. bxa6 g6 6. Nc3 Bg7 7. e4 O-O 8. g3 Qa5 9. Bg2 d6 10. Bd2 Bxa6 11. Nge2 Nbd7 12. O-O Rfb8 13. b3 Qc7 14. Rc1 Ne5 15. Bg5 Nd3 16. Rc2 h6 17. Be3 Ng4 18. Qd2 Nxe3 19. Qxe3 Nb4 20. Rcc1 Bxe2 21. Qxe2 Bxc3 22. Rxc3 Rxa2 23. Qe3 Kh7 24. e5 Rba8 25. e6 f6 26. h4 Rc2 27. Rxc2 Nxc2 28. Qd3 Nd4 29. h5 1-0


[Site "https://www.chess.com"]

[Event "Titled Tuesday Blitz October 31 Early 2023"]
[White "Dishman, Stephen"]
[Black "Bocangel Chavez, Marjoire J."]
[WhiteFideId "403024"]
[BlackFideId "3810500"]
[WhiteElo "2327"]
[BlackElo "1965"]
[Result "1-0"]
[Round "7"]
[TimeControl "180+1"]
[Date "2023.10.31"]
[WhiteClock "0:01:05"]
[BlackClock "0:00:01"]
[Board "151"]

1. c4 c5 2. g3 Nc6 3. Bg2 Nf6 4. Nc3 e6 5. Nf3 Be7 6. O-O O-O 7. d4 cxd4 8. Nxd4 a6 9. e4 Qc7 10. Be3 d6 11. Rc1 Qb8 12. h3 Bd7 13. g4 Rc8 14. Qe2 Ne8 15. f4 Bf6 16. Nf3 Na5 17. g5 Bxc3 18. Rxc3 b5 19. c5 Nc4 20. b3 Nxe3 21. Qxe3 dxc5 22. Ne5 Qa7 23. Rd1 Rd8 24. Qxc5 Qxc5+ 25. Rxc5 f6 26. Nxd7 e5 27. gxf6 Nxf6 28. Nxf6+ gxf6 29. Rxd8+ Rxd8 30. fxe5 Rd1+ 31. Kh2 fxe5 32. Rxe5 Rd2 33. a4 Rb2 34. axb5 Rxb3 35. bxa6 Ra3 36. Re6 Kf7 37. Rb6 h5 38. e5 1-0


[Site "https://www.chess.com"]

[Event "Titled Tuesday Blitz October 31 Early 2023"]
[White "Viskelis, Darius"]
[Black "Silvestre, Christian"]
[WhiteFideId "12800830"]
[BlackFideId "30956269"]
[WhiteElo "2315"]
[BlackElo "2093"]
[Result "0-1"]
[Round "7"]
[TimeControl "180+1"]
[Date "2023.10.31"]
[WhiteClock "0:00:42"]
[BlackClock "0:01:16"]
[Board "152"]

1. e4 c5 2. Nf3 e6 3. c3 d5 4. e5 Nc6 5. d4 Bd7 6. Bd3 f6 7. exf6 Nxf6 8. O-O Bd6 9. Re1 O-O 10. Bg5 Qb6 11. Qd2 cxd4 12. cxd4 Nb4 13. Bf1 Ne4 14. Qd1 Rxf3 15. Qxf3 Nxg5 16. Qd1 Nc6 17. Nc3 Qxd4 18. Qh5 Nf7 19. Rad1 Qf6 20. Ne4 dxe4 21. Rxd6 Nxd6 22. Rd1 e5 23. b4 Nd4 24. h3 Rf8 25. Rd2 Bb5 26. Bxb5 N6xb5 27. Qd1 Nc3 28. Qc1 Nce2+ 0-1


[Site "https://www.chess.com"]

[Event "Titled Tuesday Blitz October 31 Early 2023"]
[White "Ghosh, Chanchal Kumer"]
[Black "Mesa Cruz, Juan Carlos"]
[WhiteFideId "10201858"]
[BlackFideId "6423400"]
[WhiteElo "1963"]
[BlackElo "2308"]
[Result "1-0"]
[Round "7"]
[TimeControl "180+1"]
[Date "2023.10.31"]
[WhiteClock "0:00:02"]
[BlackClock "0:00:01"]
[Board "153"]

1. e4 c5 2. Nf3 d6 3. d4 cxd4 4. Nxd4 Nf6 5. Nc3 a6 6. Be2 e5 7. Nb3 Be7 8. Be3 Be6 9. O-O O-O 10. f4 Qc7 11. f5 Bc4 12. a4 Nbd7 13. a5 Rac8 14. Bxc4 Qxc4 15. Ra4 Qc6 16. g4 h6 17. Qf3 Rfd8 18. h4 Nh7 19. Qg3 Nc5 20. Rc4 Qd7 21. g5 Nxb3 22. cxb3 hxg5 23. hxg5 Re8 24. Rf2 Bd8 25. Rh2 g6 26. Qh3 f6 27. fxg6 Qxh3 28. gxh7+ Qxh7 29. Rxh7 Rxc4 30. Rxb7 fxg5 31. bxc4 Bxa5 32. Nd5 Rf8 33. Bxg5 Bd8 34. Bxd8 Rxd8 35. Rb6 Kf8 36. Rxa6 Rc8 37. b3 Rb8 38. b4 Rc8 39. Ne3 Rb8 40. b5 Ke7 41. Ra7+ Kf6 42. Rd7 Kg5 43. Rxd6 Kf4 44. Nd5+ Kxe4 45. Rc6 Kf3 46. b6 Rg8+ 47. Kf1 Ra8 48. Ke1 e4 49. b7 Ra1+ 50. Kd2 Ra2+ 51. Kc3 Ra3+ 52. Kd4 Rd3+ 53. Kc5 e3 54. b8=Q e2 55. Qf8+ Kg2 56. Re6 Rd2 57. Rg6+ Kh1 58. Qh8# 1-0


[Site "https://www.chess.com"]

[Event "Titled Tuesday Blitz October 31 Early 2023"]
[White "Mirza, Diana"]
[Black "Schut, Han"]
[WhiteFideId "2503999"]
[BlackFideId "1005561"]
[WhiteElo "1950"]
[BlackElo "2284"]
[Result "0-1"]
[Round "7"]
[TimeControl "180+1"]
[Date "2023.10.31"]
[WhiteClock "0:00:41"]
[BlackClock "0:00:29"]
[Board "154"]

1. e4 c5 2. Nf3 d6 3. d4 cxd4 4. Nxd4 Nf6 5. Nc3 a6 6. Be3 e5 7. Nf5 d5 8. Bg5 d4 9. Nd5 Bxf5 10. Bxf6 gxf6 11. c4 Bxe4 12. Qa4+ Nc6 13. Be2 Bxd5 14. cxd5 Qxd5 15. Bf3 Qa5+ 16. Qxa5 Nxa5 17. O-O Nc6 18. Rac1 Rc8 19. a3 Kd7 20. b4 Bd6 21. Be4 Ke6 22. f4 f5 23. fxe5 fxe4 24. exd6 f5 25. d7 Rcd8 26. Rc5 Rhf8 27. g4 f4 28. Rh5 Rxd7 29. Rh6+ Rf6 30. Rh5 e3 31. g5 Rg6 32. Rxf4 Rdg7 33. h4 h6 34. Kf1 hxg5 35. hxg5 Rxg5 36. Rh6+ R7g6 37. Rh8 Rf5 38. Re8+ Kd7 39. Rxf5 Kxe8 40. Ke2 Rg2+ 41. Kd3 Rd2+ 42. Ke4 e2 0-1


[Site "https://www.chess.com"]

[Event "Titled Tuesday Blitz October 31 Early 2023"]
[White "Skiadopoulos, Nikolaos"]
[Black "Goh, Zi Han"]
[WhiteFideId "4200772"]
[BlackFideId "5819156"]
[WhiteElo "1793"]
[BlackElo "2256"]
[Result "0-1"]
[Round "7"]
[TimeControl "180+1"]
[Date "2023.10.31"]
[WhiteClock "0:00:00"]
[BlackClock "0:00:20"]
[Board "156"]

1. e4 c5 2. d4 cxd4 3. c3 d3 4. Bxd3 Nc6 5. Nf3 d6 6. h3 Nf6 7. Be3 e6 8. Nbd2 Be7 9. O-O O-O 10. Re1 Bd7 11. Nf1 Ne5 12. Nxe5 dxe5 13. Qe2 Bc6 14. Ng3 Qc7 15. Nh5 Rfd8 16. Nxf6+ Bxf6 17. Red1 Rd7 18. Bc2 Rad8 19. Rxd7 Rxd7 20. Rd1 a6 21. Rd2 Qd8 22. Qd1 Rxd2 23. Qxd2 Qxd2 24. Bxd2 Kf8 25. c4 Ke7 26. b4 Kd8 27. a4 Be7 28. b5 Be8 29. Kf1 Kc7 30. Ke2 Kb6 31. Kd3 Bc5 32. a5+ Kc7 33. Ba4 Bxf2 34. Bc3 f6 35. b6+ Kd8 36. Bxe8 Kxe8 37. Bb4 Kd7 38. c5 Kc6 39. Kc4 f5 40. exf5 exf5 41. Bc3 e4 42. Bxg7 Bxc5 43. Bh6 Bf2 44. Bf4 Be1 45. g4 fxg4 46. hxg4 Bxa5 47. Kd4 Bxb6+ 48. Kxe4 Bd8 49. Kf5 b5 50. Ke6 b4 51. Kf7 b3 52. Bc1 h6 53. Kg6 Bg5 54. Bb2 Kb5 0-1


[Site "https://www.chess.com"]

[Event "Titled Tuesday Blitz October 31 Early 2023"]
[White "Zaichenko, Daria"]
[Black "IsaqueGoncalvesSanto"]
[WhiteFideId "4197453"]
[WhiteElo "2236"]
[BlackElo "1801"]
[Result "1-0"]
[Round "7"]
[TimeControl "180+1"]
[Date "2023.10.31"]
[WhiteClock "0:00:14"]
[BlackClock "0:00:00"]
[Board "157"]

1. e4 e6 2. d4 d5 3. Bd3 Nf6 4. e5 Nfd7 5. f4 c5 6. c3 Nc6 7. Nf3 Qb6 8. Bc2 cxd4 9. cxd4 f6 10. Nc3 fxe5 11. Nxe5 Ndxe5 12. dxe5 g6 13. Qg4 Ne7 14. h4 Bd7 15. h5 Rg8 16. hxg6 hxg6 17. b3 Qd4 18. Bb2 Qe3+ 19. Kd1 O-O-O 20. Re1 Qd4+ 21. Kc1 Bh6 22. Ne4 Qc5 23. Nd6+ Kb8 24. Nf7 Rc8 25. Re2 Bg7 26. Nd6 Rc7 27. a4 Nf5 28. Nxf5 gxf5 29. Qf3 d4 30. Ba3 Qc3 31. Qxc3 Rxc3 32. Bb4 Rc7 33. Bd6 1-0


[Site "https://www.chess.com"]